 Dungeon Crawl Stone Soup version 0.19.4-8-ga85b6b9 (webtiles) character file.

26684 Heskey the Warrior (level 13, 0/115 HPs)
             Began as a Hill Orc Fighter on Feb 12, 2017.
             Was the Champion of Beogh.
             Killed from afar by Xiguana's ghost (21 damage)
             ... with a bolt of negative energy
             ... on level 14 of the Dungeon.
             The game lasted 00:38:38 (13771 turns).

Heskey the Warrior (Hill Orc Fighter)              Turns: 13771, Time: 00:38:40

Health: 0/115      AC: 23    Str: 26    XL:     13   Next: 27%
Magic:  13/13      EV: 12    Int: 10    God:    Beogh [******]
Gold:   1352       SH:  0    Dex: 10    Spells: 0 memorised, 12 levels left

rFire  + + .     SeeInvis .     h - +2 battleaxe
rCold  + . .     Gourm    .     y - +2 plate armour
rNeg   . . .     Faith    .     (shield currently unavailable)
rPois  .         Spirit   .     (no helmet)
rElec  +         Reflect  .     x - +0 cloak "Jueguiga" {-Cast rElec rF+ rC++} (curse)
rCorr  .         Harm     .     q - +0 pair of gloves
MR     +....     NoCast   +     L - +1 pair of boots of Zozeduuh {MR+ Str+2}
Stlth  ..........               o - amulet of regeneration
                                B - +3 ring of evasion
                                l - ring of fire

@: heavily drained
A: walk on water, hooves 1, icy blue scales 1, clever 1, frail 1
a: Smiting, Recall Orcish Followers, Give Item to Named Follower, Resurrection,
Renounce Religion


You were on level 14 of the Dungeon.
You worshipped Beogh.
Beogh was exalted by your worship.
You were not hungry.

You visited 2 branches of the dungeon, and saw 16 of its levels.
You also visited: Ice Cave.

You collected 1853 gold pieces.
You spent 501 gold pieces at shops.

Inventory:

Hand Weapons
 a - a +0 war axe
 h - a +2 battleaxe (weapon)
Armour
 c - a +0 shield
 q - a +0 pair of gloves (worn)
 x - the cursed +0 cloak "Jueguiga" (worn) {-Cast rElec rF+ rC++}
   (You found it in an ice cave)

   It protects you from fire.
   It greatly protects you from cold.
   It insulates you from electricity.
   It prevents spellcasting.
   It has a curse placed upon it.
 y - a +2 plate armour (worn)
 H - a +2 cloak
 L - the +1 pair of boots of Zozeduuh (worn) {MR+ Str+2}
   (You bought it in a shop on level 2 of the Orcish Mines)

   It affects your strength (+2).
   It affects your resistance to hostile enchantments.
Jewellery
 l - a ring of fire (left hand)
 o - an amulet of regeneration (around neck)
 s - an uncursed ring of flight
 u - an uncursed ring of poison resistance {unknown}
 B - a +3 ring of evasion (right hand)
Wands
 b - a wand of acid (0/15)
 k - a wand of digging (16/24)
 m - a wand of random effects (12/48)
 v - a wand of disintegration (10/24)
 z - a wand of confusion (18/48)
 F - a wand of polymorph (11/24)
 T - a wand of polymorph (13/24)
 U - a wand of random effects (19/48)
Scrolls
 e - 9 scrolls of identify
 g - 5 scrolls of teleportation
 i - 9 scrolls of remove curse
 n - 4 scrolls of fog
 t - 3 scrolls of amnesia
 C - a scroll of magic mapping
 D - 2 scrolls of recharging
Potions
 d - 3 potions of curing
 p - 2 potions of brilliance
 r - 3 potions of heal wounds
 E - a potion of resistance
 M - a potion of agility {unknown}
 O - a potion of flight {unknown}
 P - a potion of cure mutation {unknown}
 S - a potion of haste
Comestibles
 f - 4 bread rations
 j - a fruit
 w - 4 meat rations
 A - 2 beef jerkies
 K - a royal jelly
 Q - a slice of pizza


   Skills:
 * Level 16.1(14.4) Fighting
 + Level 13.9(12.3) Axes
 + Level 11.4(9.9) Armour
 + Level 6.2(4.9) Dodging
 - Level 7.8(6.4) Shields


You had 12 spell levels left.
You didn't know any spells.

Dungeon Overview and Level Annotations

Branches:
Dungeon (14/15)            Temple (0/1) D:6            Lair (0/6) D:8
    Orc (2/2) D:10            Elf (0/3) Orc:2        Vaults (0/5) D:13

Altars:
Ashenzari
Elyvilon
Fedhas
Makhleb
Okawaru
Qazlal
Sif Muna
Uskayaw
Xom
The Shining One
Beogh

Shops:
D:6 *   D:7 [!   D:11 (   Orc:2 :[[:

Portals:
Trove: D:13 (give 18 potions of curing)

Annotations:
D:14 4 runed doors, Xiguana's ghost, adept DrCK


Innate Abilities, Weirdness & Mutations

You can walk on water.
You have large cloven feet.
You are partially covered in icy blue scales. (AC +2)
Your mind is acute. (Int +2)
You are frail. (-10% HP)


Message History

Your orc knight barely misses Xiguana's ghost.
Xiguana's ghost hits you!
* * * LOW HITPOINT WARNING * * *
You are too injured to fight recklessly!
You closely miss Xiguana's ghost.
Xiguana's ghost is severely damaged.
Your orc warrior hits Xiguana's ghost with a short sword.
Xiguana's ghost whispers, "You will understand me better in a moment."
Xiguana's ghost hits you.
* * * LOW HITPOINT WARNING * * *
Your orc wizard completely misses Xiguana's ghost.
Your orc knight closely misses Xiguana's ghost.
Zorug hits Xiguana's ghost with a great sword!
You hit Xiguana's ghost but do no damage.
Xiguana's ghost is almost destroyed.
Your orc warrior misses Xiguana's ghost.
Xiguana's ghost boasts, "I have defeated monsters you have never seen."
Xiguana's ghost breathes negative energy at you.
The bolt of negative energy hits you!
You feel drained.
You die...

.....# .o...# #...
...#.### #...###
...#...######......
...#..............#
...#..............#
...#.............)#
...#...........oWo#
...#............@o######
#...........o).....?.
#..................(.
#....................
......................#
#####.................#
##########........#
#........# #........#


You could see Xiguana's ghost, a friendly orc knight, the friendly Zorug the orc
knight, a friendly orc warrior and a friendly orc wizard.

Vanquished Creatures
  Kirke (D:13)
  An ettin (Orc:2)
  A tengu warrior (D:13)
  2 hill giants
  2 orc sorcerers (Orc:1)
  A manticore (D:13)
  4 ugly things
  Maurice (D:9)
  Psyche (D:11)
  A centaur zombie (D:12)
  A troll (D:9)
  2 two-headed ogres
  A merfolk (D:9)
  A hornet (D:13)
  A slime creature (D:12)
  A hippogriff (D:7)
  Sigmund (D:6)
  11 yaks
  2 wyverns
  A hog (D:13)
  3 hungry ghosts
  2 wargs (D:10)
  8 orc warriors
  A hornet zombie (D:7)
  A sky beast (D:10)
  8 ice beasts
  6 ogres
  3 phantoms
  3 centaurs
  A crocodile (D:11)
  Blork the orc (D:6)
  7 bullfrogs
  2 big kobolds
  6 scorpions
  7 killer bees
  14 wights
  2 howler monkeys
  2 jellies
  2 bullfrog zombies
  5 crimson imps
  7 hounds
  6 orc priests
  Crazy Yiuf (D:3)
  Ijyb (D:3)
  A bullfrog skeleton (D:13)
  2 centaur skeletons
  Natasha (thrice) (D:3)
  Terence (D:3)
  6 iguanas
  14 orc wizards
  9 worker ants
  A killer bee zombie (D:6)
  2 hound zombies
  A worker ant zombie (D:11)
  5 adders
  4 gnolls (D:9)
  4 shadow imps
  An ooze (D:5)
  3 adder skeletons
  3 worms
  A dart slug (D:1)
  10 leopard geckos
  31 orcs
  A ball python (D:4)
  11 giant cockroaches
  6 hobgoblins
  10 jackals
  16 kobolds
  4 quokkas
  7 bats
  5 frilled lizards
  8 goblins
  A jackal skeleton (D:5)
  A leopard gecko zombie (D:6)
  A quokka skeleton (D:8)
  A quokka zombie (D:5)
  5 rats
315 creatures vanquished.

Vanquished Creatures (collateral kills)
  Nessos (D:12)
  Snorg (Orc:1)
  A hydra (D:12)
  A catoblepas (D:13)
  A deep elf knight (D:13)
  3 orc high priests (Orc:2)
  An unseen horror (D:12)
  2 orc knights (Orc:2)
  An orc sorcerer (Orc:2)
  A wolf spider (D:13)
  A cyclops (Orc:2)
  A gargoyle (D:13)
  A tengu conjurer (D:13)
  A troll (Orc:2)
  A two-headed ogre (D:10)
  2 hornets (D:12)
  2 slime creatures (D:12)
  6 yaks
  A shadow (D:12)
  A hungry ghost (D:10)
  A hog (D:13)
  A warg (D:10)
  A soldier ant (D:12)
  4 orc warriors
  2 black bears (D:10)
  A centaur (D:12)
  3 ogres
  2 bullfrogs (D:9)
  A wyvern skeleton (D:12)
  6 killer bees
  A wight (D:12)
  A quasit (D:12)
  A centaur skeleton (D:10)
  4 orc priests
  6 orc wizards
  A worker ant (D:12)
  A hound zombie (D:10)
  An adder (D:12)
  A shadow imp (D:10)
  An adder zombie (D:10)
  A leopard gecko (D:11)
  4 orcs (Orc:2)
75 creatures vanquished.

Vanquished Creatures (others)
  A vault guard (D:13)
  An orc high priest (Orc:1)
  4 orc knights
  2 orc sorcerers
  12 orc warriors
  7 orc priests
  10 orc wizards
  27 orcs
64 creatures vanquished.

Grand Total: 454 creatures vanquished

Notes
Turn   | Place    | Note
-------+----------+-------------------------------------------
     0 | D:1      | Heskey the Hill Orc Fighter began the quest for the Orb.
     0 | D:1      | Reached XP level 1. HP: 19/19 MP: 1/1
    88 | D:1      | Reached skill level 4 in Fighting
    88 | D:1      | Reached XP level 2. HP: 26/27 MP: 2/2
   574 | D:1      | Reached XP level 3. HP: 34/34 MP: 3/3
   792 | D:2      | Found a blossoming altar of Fedhas.
   793 | D:2      | Found a glowing golden altar of the Shining One.
  1577 | D:2      | Found a shimmering altar of Xom.
  1649 | D:3      | Found a burning altar of Makhleb.
  1675 | D:3      | Noticed Natasha
  1694 | D:3      | Killed Natasha
  1694 | D:3      | Reached XP level 4. HP: 8/41 MP: 4/4
  1978 | D:3      | Found a runed door.
  2067 | D:3      | Noticed Crazy Yiuf
  2076 | D:3      | Killed Crazy Yiuf
  2076 | D:3      | Reached skill level 5 in Fighting
  2332 | D:3      | Noticed Ijyb
  2338 | D:3      | Noticed Terence
  2353 | D:3      | Killed Terence
  2353 | D:3      | Reached XP level 5. HP: 42/48 MP: 5/5
  2356 | D:3      | Killed Ijyb
  2631 | D:3      | Found a white marble altar of Elyvilon.
  2634 | D:3      | Noticed Natasha
  2639 | D:3      | Killed Natasha
  2652 | D:3      | Reached XP level 6. HP: 54/57 MP: 6/6
  2776 | D:3      | Noticed Natasha
  2784 | D:3      | Killed Natasha
  2803 | D:3      | Became a worshipper of Beogh the Brigand
  2857 | D:4      | Found a deep blue altar of Sif Muna.
  3299 | D:4      | Reached skill level 6 in Fighting
  3328 | D:4      | Reached skill level 10 in Fighting
  3328 | D:4      | Reached skill level 10 in Axes
  3328 | D:4      | Reached XP level 7. HP: 71/73 MP: 7/7
  3624 | D:4      | Reached XP level 8. HP: 81/81 MP: 8/8
  3667 | D:4      | Found a stormy altar of Qazlal.
  3880 | D:5      | Entered Level 5 of the Dungeon
  3907 | D:5      | Found a hide-covered altar of Uskayaw.
  4131 | D:5      | Found a shattered altar of Ashenzari.
  4304 | D:5      | Got a slimy trident
  4305 | D:5      | Identified the cursed +0 trident of Dithmenos {pierce, Str+2 Int+2 Dex+7} (You found it on level 5 of the Dungeon)
  4327 | D:5      | Reached * piety under Beogh
  5010 | D:6      | Found a shattered altar of Ashenzari.
  5025 | D:6      | Noticed Sigmund
  5101 | D:6      | Reached skill level 11 in Fighting
  5135 | D:6      | Killed Sigmund
  5142 | D:6      | Reached XP level 9. HP: 83/89 MP: 9/9
  5213 | D:6      | Found Vuikob's Assorted Antiques.
  5257 | D:6      | Noticed Blork the orc
  5279 | D:6      | Found a staircase to the Ecumenical Temple.
  5281 | D:6      | Reached ** piety under Beogh
  5297 | D:6      | Killed Blork the orc
  5650 | D:6      | Found a faded altar of an unknown god.
  5650 | D:6      | Found a faded altar of an unknown god.
  5655 | D:6      | Found a faded altar of an unknown god.
  5657 | D:6      | Found an iron altar of Okawaru.
  5659 | D:6      | Found a faded altar of an unknown god.
  5766 | D:7      | Found Qexkot's Distillery.
  5808 | D:7      | Bought a potion of heal wounds for 80 gold pieces
  5808 | D:7      | Bought a potion of heal wounds for 80 gold pieces
  5817 | D:7      | Found Dove's Armour Shop.
  6140 | D:7      | Reached skill level 1 in Dodging
  6580 | D:8      | Reached XP level 10. HP: 66/97 MP: 10/10
  6709 | D:8      | Found a staircase to the Lair.
  6906 | D:8      | Reached *** piety under Beogh
  6906 | D:8      | Reached skill level 12 in Fighting
  7133 | D:9      | Gained mutation: You have large cloven feet. [potion of mutation]
  7133 | D:9      | Gained mutation: You are partially covered in icy blue scales. (AC +2) [potion of mutation]
  7133 | D:9      | Gained mutation: Your mind is acute. (Int +2) [potion of mutation]
  7213 | D:9      | Noticed Maurice
  7231 | D:9      | Killed Maurice
  7661 | D:10     | Entered Level 10 of the Dungeon
  7794 | D:10     | Reached **** piety under Beogh
  7915 | D:10     | Noticed a brown ugly thing
  7922 | D:10     | Killed a brown ugly thing
  7922 | D:10     | Reached XP level 11. HP: 106/106 MP: 11/11
  7947 | D:10     | Gained Bogward as an ally
  8091 | D:10     | Found a staircase to the Orcish Mines.
  8095 | D:10     | Reached skill level 13 in Fighting
  8452 | Orc:1    | Entered Level 1 of the Orcish Mines
  8452 | Orc:1    | Noticed an orc sorcerer
  8458 | Orc:1    | Killed an orc sorcerer
  8701 | Orc:1    | Noticed an orc sorcerer
  8707 | Orc:1    | Noticed a soul eater
  8900 | Orc:1    | Noticed Snorg
  8910 | Orc:1    | Killed Snorg
  9212 | Orc:2    | Entered Level 2 of the Orcish Mines
  9254 | Orc:2    | Found a frozen archway.
  9257 | Orc:2    | Noticed an ettin
  9264 | Orc:2    | Killed an ettin
  9326 | IceCv    | Entered an ice cave
  9347 | IceCv    | Noticed a white ugly thing
  9357 | IceCv    | HP: 1/108 [white ugly thing (51)]
  9362 | IceCv    | Killed a white ugly thing
  9364 | IceCv    | Got a smoking cloak
  9500 | IceCv    | Identified the cursed +0 cloak "Jueguiga" {-Cast rElec rF+ rC++} (You found it in an ice cave)
  9575 | Orc:2    | Found a staircase to the Elven Halls.
  9598 | Orc:2    | Noticed an orc knight
  9599 | Orc:2    | Reached ***** piety under Beogh
  9607 | Orc:2    | Killed an orc knight
  9607 | Orc:2    | Reached skill level 14 in Fighting
  9616 | Orc:2    | Noticed an orc knight
  9616 | Orc:2    | Noticed an orc sorcerer
  9617 | Orc:2    | Noticed an orc knight
  9617 | Orc:2    | Noticed an orc high priest
  9619 | Orc:2    | Noticed an orc sorcerer
  9619 | Orc:2    | Noticed an orc high priest
  9620 | Orc:2    | Noticed an orc sorcerer
  9620 | Orc:2    | Noticed a sixfirhy
  9621 | Orc:2    | Noticed an orc knight
  9622 | Orc:2    | Noticed an orc high priest
  9631 | Orc:2    | Killed an orc high priest
  9637 | Orc:2    | Killed an orc high priest
  9639 | Orc:2    | Killed an orc sorcerer
  9641 | Orc:2    | Your ally Bogward died
  9646 | Orc:2    | Killed an orc knight
  9809 | Orc:1    | Gained mutation: You are frail. (-10% HP) [a neqoxec]
  9810 | Orc:1    | Noticed a soul eater
 10108 | Orc:2    | Noticed a soul eater
 10119 | Orc:1    | Killed an orc sorcerer
 10226 | Orc:2    | Gained Morun as an ally
 10273 | Orc:2    | Reached XP level 12. HP: 105/105 MP: 12/12
 10299 | Orc:2    | Your ally Morun died
 10316 | Orc:2    | Reached skill level 10 in Armour
 10485 | Orc:2    | Found Lic Rimo's Book Boutique.
 10485 | Orc:2    | Found Xeudiupe's Book Shoppe.
 10487 | Orc:2    | Found Jopoin's Armour Boutique.
 10487 | Orc:2    | Found Emolud's Antique Armour Shoppe.
 10498 | Orc:2    | Bought the +1 pair of boots of Zozeduuh {MR+ Str+2} for 341 gold pieces
 10633 | Orc:2    | Noticed an orc high priest
 10635 | Orc:2    | Found a roughly hewn altar of Beogh.
 10646 | Orc:2    | Killed an orc high priest
 11313 | D:11     | Gained Nordag as an ally
 11344 | D:11     | Reached skill level 5 in Dodging
 11458 | D:11     | Noticed Psyche
 11466 | D:11     | Killed Psyche
 11486 | D:11     | Found Qaoleh's Weapon Shoppe.
 11998 | D:12     | Gained Zorug as an ally
 12029 | D:12     | Noticed an eight-headed hydra
 12033 | D:12     | Your ally Nordag died
 12037 | D:12     | Killed a ten-headed hydra
 12053 | D:12     | Reached skill level 15 in Fighting
 12300 | D:12     | Noticed Nessos
 12322 | D:12     | Killed Nessos
 12697 | D:13     | Found a gate to the Vaults.
 12697 | D:13     | Noticed a vault guard
 12702 | D:13     | Noticed a catoblepas
 12705 | D:13     | Killed a vault guard
 12720 | D:13     | Killed a catoblepas
 12720 | D:13     | Reached XP level 13. HP: 87/115 MP: 13/13
 13237 | D:13     | Found a portal to a secret trove of treasure.
 13434 | D:13     | Reached ****** piety under Beogh
 13461 | D:13     | Noticed Kirke
 13475 | D:13     | Killed Kirke
 13475 | D:13     | Reached skill level 16 in Fighting
 13733 | D:14     | Found a huge runed gate.
 13733 | D:14     | Found a huge runed gate.
 13734 | D:14     | Found a huge runed gate.
 13735 | D:14     | Found a huge runed gate.
 13757 | D:14     | Noticed Xiguana's ghost (adept DrCK)
 13771 | D:14     | Killed from afar by Xiguana's ghost

Skill      XL: |  1  2  3  4  5  6  7  8  9 10 11 12 13 |
---------------+----------------------------------------+-----
Fighting       | 4 5 10 11 12 14 15 16 | 16.1
Axes           | 3 4 10 11 12 13 | 13.9
Shields        | 4 7 |  7.8
Armour         | 4 7 8 9 11 | 11.4
Dodging        | 1 3 4 5 6 |  6.2

Action                   |  1- 3 |  4- 6 |  7- 9 | 10-12 | 13-15 || total
-------------------------+-------+-------+-------+-------+-------++-------
Melee: War axe           |   166 |   142 |   200 |       |       ||   508
       Battleaxe         |       |       |   116 |   540 |    69 ||   725
       Kick              |       |       |       |    72 |       ||    72
Invok: Convert to Beogh  |       |     1 |       |       |       ||     1
       Smiting           |       |       |       |     1 |       ||     1
Evoke: Wand              |       |       |       |     3 |       ||     3
  Use: Potion            |     1 |     8 |     1 |     6 |       ||    16
       Scroll            |       |       |     9 |    10 |     6 ||    25
 Stab: Distracted        |       |       |       |     3 |     1 ||     4
       Invisible         |       |       |       |     1 |       ||     1
  Eat: Chunk             |     2 |     4 |     3 |     4 |       ||    13
       Royal jelly       |       |     1 |       |       |       ||     1
       Bread ration      |       |       |     3 |     2 |     1 ||     6
       Fruit             |       |       |     1 |     1 |       ||     2
       Meat ration       |       |       |       |     2 |       ||     2
       Beef jerky        |       |       |       |     1 |       ||     1
Armor: Scale mail        |    79 |    77 |   134 |    34 |       ||   324
       Plate armour      |       |       |       |   305 |    43 ||   348
Dodge: Dodged            |    57 |    41 |   110 |   297 |    28 ||   533
Block: Shield            |    90 |    71 |    93 |       |       ||   254
